 Dungeon Crawl Stone Soup version 0.18.1-48-g4cf74bf (webtiles) character file.

20930 georgeearnest the Cleaver (level 12, -10/110 HPs)
             Began as a Hill Orc Fighter on Aug 23, 2016.
             Was an Elder of Beogh.
             Killed by divine providence
             ... invoked by a smoke demon
             ... summoned by an orc high priest
              (13 damage)
             ... on level 2 of the Orcish Mines.
             The game lasted 00:36:07 (19161 turns).

georgeearnest the Cleaver (Hill Orc Fighter)       Turns: 19161, Time: 00:36:08

Health: -10/110    AC: 20    Str: 18 (22) XL:     12   Next: 84%
Magic:  13/13      EV: 11    Int: 11 (12) God:    Beogh [****..]
Gold:   289        SH: 13    Dex:  9 (10) Spells: 0 memorised, 11 levels left

rFire  + . .     SeeInvis .     a - +1 war axe
rCold  . . .     Gourm    .     C - +0 pearl dragon armour
rNeg   + . .     Faith    .     c - +0 shield
rPois  .         Spirit   .     h - +2 helmet
rElec  .         Dismiss  +     (no cloak)
rCorr  .         Reflect  .     r - +0 pair of gloves
SustAt .         Harm     .     (no boots)
MR     .....                    L - amulet of dismissal
Stlth  +.........               z - ring "Gufuhak" {rF+ Int+2 Slay+2}
                                O - ring of stealth

@: not resistant to hostile enchantments, very unstealthy
A: clever 1, deterioration 1, weak 1, MP-powered wands
a: Smiting, Recall Orcish Followers, Renounce Religion


You were on level 2 of the Orcish Mines.
You worshipped Beogh.
Beogh was greatly pleased with you.
You were not hungry.

You visited 2 branches of the dungeon, and saw 17 of its levels.
You also visited: Ossuary.

You collected 1110 gold pieces.
You spent 821 gold pieces at shops.

Inventory:

Hand Weapons
 a - a +1 war axe (weapon)
 p - a cursed -3 battleaxe
Armour
 b - a +0 scale mail
 c - a +0 shield (worn)
 h - a +2 helmet (worn)
 r - a +0 pair of gloves (worn)
 C - a +0 pearl dragon armour (worn)
 N - a steam dragon hide
Jewellery
 i - an uncursed ring of magical power
 q - an uncursed amulet of magic regeneration
 z - the ring "Gufuhak" (right hand) {rF+ Int+2 Slay+2}
   (You bought it in a shop on level 2 of the Orcish Mines)

   [ring of intelligence]

   It affects your intelligence (+2).
   It affects your accuracy and damage with ranged weapons and melee attacks
   (+2).
   It protects you from fire.
 L - an amulet of dismissal (around neck)
 O - a ring of stealth (left hand)
Wands
 e - a wand of slowing (25/48)
 D - a wand of paralysis (12/24)
 F - a wand of digging (12/24)
 H - a wand of slowing (9/48)
 J - a wand of paralysis (8/24)
Scrolls
 f - 5 scrolls of noise
 g - a scroll of amnesia
 l - 2 scrolls of recharging
 n - 3 scrolls of random uselessness
 o - 4 scrolls of identify
 t - a scroll of immolation
 u - 2 scrolls of remove curse
 v - 3 scrolls of magic mapping
 w - a scroll of enchant weapon
 x - a scroll of enchant armour
 E - 2 scrolls of vulnerability
 P - a scroll of torment
Potions
 d - a potion of brilliance
 k - 12 potions of degeneration
 m - 2 potions of lignification
 B - 2 potions of magic
 M - a potion of flight
Books
 j - the Guide on Dark Rituals and Calling
   (You found it on level 10 of the Dungeon)

   Spells                             Type                      Level
   a - Pain                           Necromancy                   1
   b - Summon Butterflies             Summoning                    1
   c - Call Canine Familiar           Summoning                    3
   d - Summon Ice Beast               Ice/Summoning                4
   e - Summon Lightning Spire         Summoning/Air                4
   f - Spellforged Servitor           Conjuration/Summoning        7
 y - a book of Burglary

   Spells                             Type                      Level
   a - Swiftness                      Charms/Air                   2
   b - Passwall                       Transmutation/Earth          2
   c - Passage of Golubria            Translocation                4
   d - Lee's Rapid Deconstruction     Earth                        5
   e - Darkness                       Hexes                        6
   f - Invisibility                   Hexes                        6
Comestibles
 s - 2 royal jellies
 G - 4 bread rations
 I - 3 fruits
 Q - 2 beef jerkies
 R - 7 slices of pizza


   Skills:
 + Level 11.0 Fighting
 + Level 13.6 Axes
 + Level 8.9 Armour
 + Level 7.3 Dodging
 + Level 2.0 Stealth
 + Level 12.0 Shields
 + Level 1.5 Invocations


You had 11 spell levels left.
You didn't know any spells.

Dungeon Overview and Level Annotations

Branches:
Dungeon (15/15)            Temple (0/1) D:7            Lair (0/8) D:8
    Orc (2/2) D:10         Vaults (0/5) D:14
    Elf: Orc:2       Depths: D:15

Altars:
Ashenzari
Cheibriados
Fedhas
Kikubaaqudgha
Makhleb
Pakellas
Yredelemnul
Zin

Shops:
D:4 !   D:7 =   Orc:1 ?   Orc:2 [=

Annotations:
D:8 Fannar
D:10 Urug


Innate Abilities, Weirdness & Mutations

Your mind is acute. (Int +2)
Your body sometimes deteriorates upon taking damage.
You are weak. (Str -2)
You expend magic power (3 MP) to strengthen your wands.


Message History

a robe; a dagger The orc high priest mumbles some strange prayers to Beogh.
The neqoxec gestures at you.
Something tries to feed on your intellect!
Things that are here:
a short sword; a chain mail; a hand axe The hellwing swoops through the air toward you!
The hellwing closely misses you. You block the hellwing's attack.
The hellwing closely misses you.
The hellwing hits you but does no damage.
The orc high priest mumbles some strange prayers to Beogh.
The hellwing hits you but does no damage.
The hellwing hits you.
* * * LOW HITPOINT WARNING * * *
The neqoxec gestures.
The iron imp shouts!
The smoke demon gestures at you. Beogh smites you!
You die...
Beogh appreciates the smoke demon's killing of a heretic priest.

#...##..........##
...........).....##
#.........).......#
.................##
....#.......<....##
..................#
oo)o.......).....##
..#o#......).....##
####.....[[.....@.#
.##..<..........o.#
..##.##..[.....4o##
.##......#.#...o.##
####.##.####....3.#
##########.5..3.#
##..###.##.....o.#
#...........5##)##
#.......P....#3[##


You could see an orc knight, 2 orc high priests, a hellwing, a smoke demon, a
neqoxec, an orc warrior, an iron imp and a quasit.

Vanquished Creatures
  Erolcha (D:8)
  A skeletal warrior (D:13)
  An orc knight (D:10)
  3 hill giants
  2 ugly things (D:11)
  A manticore (D:12)
  2 centaur skeletons (D:11)
  5 orc warriors
  A troll (D:10)
  Sigmund (D:2)
  5 yaks
  A human (D:13)
  A hippogriff (D:9)
  A hungry ghost (D:13)
  A vampire mosquito (D:13)
  Menkaure (D:5)
  2 steam dragons (D:9)
  A warg (Orc:2)
  Edmund (D:4)
  A hell hound (D:13)
  A soldier ant (D:8)
  2 sky beasts
  3 ice beasts
  An eye of draining (D:8)
  5 necrophages (D:6)
  6 ogres
  2 black bears
  10 centaurs
  2 big kobolds
  7 giant frogs
  2 scorpions
  A wyvern skeleton (D:6)
  A water moccasin skeleton (D:5)
  8 killer bees
  5 howler monkeys
  3 wights (D:7)
  A giant frog zombie (D:3)
  A lava snake (D:7)
  6 centaur zombies
  4 crimson imps
  A quasit (D:13)
  5 hounds
  6 jellies
  4 orc priests (Orc:1)
  A gnoll shaman (D:6)
  3 giant frog skeletons
  Jessica (D:3)
  An iguana (D:6)
  5 worker ants
  Natasha (thrice) (D:4)
  A sheep (D:13)
  2 hound zombies (D:6)
  A hound skeleton (D:5)
  4 mummies (Ossuary)
  A howler monkey zombie (D:8)
  Robin (D:4)
  3 worker ant zombies
  15 adders
  10 gnolls
  4 shadow imps
  An ooze (D:3)
  An adder zombie (D:6)
  2 adder skeletons (D:8)
  2 worms
  2 dart slugs
  6 giant geckos
  7 orcs
  2 ball pythons
  8 bats
  8 giant cockroaches
  18 goblins
  11 hobgoblins
  5 jackals
  5 quokkas
  A ball python skeleton (D:4)
  4 giant newts
  A goblin zombie (Ossuary)
  A jackal skeleton (D:4)
  13 kobolds
  A kobold zombie (Ossuary)
  3 orc zombies (Ossuary)
  7 rats
  A bush (D:6)
  A fungus (Orc:2)
287 creatures vanquished.

Vanquished Creatures (collateral kills)
  An orc warlord (Orc:1)
  Azrael (D:13)
  A hydra (D:12)
  A centaur warrior (D:13)
  4 skeletal warriors (D:13)
  A hill giant (D:12)
  A cyclops (D:13)
  3 ugly things
  A manticore (D:11)
  2 centaur skeletons (D:12)
  A centaur zombie (D:12)
  A troll (Orc:2)
  A wraith (D:13)
  A yak (D:11)
  2 hogs (D:13)
  3 fire elementals (D:13)
  A human (D:13)
  2 hippogriffs (D:13)
  A steam dragon (D:12)
  3 vampire mosquitoes (D:13)
  A warg (Orc:1)
  3 hell hounds (D:13)
  2 orc warriors
  2 wasps
  An ice beast (D:13)
  A sky beast (D:12)
  3 ogres
  7 centaurs
  A crocodile (D:13)
  A giant frog (D:11)
  5 killer bees
  2 crimson imps
  A jelly (D:12)
  A giant frog zombie (D:12)
  4 orc priests
  An iguana (D:11)
  7 orc wizards
  A worker ant (D:13)
  A giant gecko (D:11)
  6 orcs
83 creatures vanquished.

Vanquished Creatures (others)
  4 orc knights
  An orc high priest (Orc:2)
  15 orc warriors
  3 orc wizards
  An orc priest (Orc:1)
  22 orcs
  A bush (D:6)
  2 fungi (Orc:2)
  5 plants (D:6)
54 creatures vanquished.

Grand Total: 424 creatures vanquished

Notes
Turn   | Place    | Note
--------------------------------------------------------------
     0 | D:1      | georgeearnest the Hill Orc Fighter began the quest for the Orb.
     0 | D:1      | Reached XP level 1. HP: 19/19 MP: 1/1
    76 | D:1      | Reached XP level 2. HP: 25/27 MP: 2/2
   129 | D:1      | Reached skill level 3 in Axes
   452 | D:1      | Reached XP level 3. HP: 31/33 MP: 3/3
   758 | D:2      | Noticed Sigmund
   772 | D:2      | Killed Sigmund
   772 | D:2      | Reached skill level 4 in Axes
   772 | D:2      | Reached skill level 1 in Dodging
   772 | D:2      | Reached XP level 4. HP: 17/41 MP: 4/4
   772 | D:2      | Reached XP level 5. HP: 19/47 MP: 5/5
  1659 | D:3      | Noticed Jessica
  1662 | D:3      | Killed Jessica
  1662 | D:3      | Reached XP level 6. HP: 38/53 MP: 6/6
  2554 | D:4      | Found Jadwinla's Distillery.
  2605 | D:4      | Found an ancient bone altar of Kikubaaqudgha.
  2656 | D:4      | Noticed Natasha
  2660 | D:4      | Killed Natasha
  2768 | D:4      | Noticed Natasha
  2773 | D:4      | Killed Natasha
  2773 | D:4      | Reached XP level 7. HP: 48/60 MP: 7/7
  2779 | D:4      | Noticed Edmund
  2791 | D:4      | Reached skill level 5 in Axes
  2802 | D:4      | Killed Edmund
  2802 | D:4      | Reached skill level 5 in Armour
  2802 | D:4      | Reached skill level 5 in Shields
  2813 | D:4      | Noticed Robin
  2828 | D:4      | Reached skill level 5 in Fighting
  2842 | D:4      | Killed Robin
  2943 | D:4      | Found a basalt altar of Yredelemnul.
  3019 | D:4      | Noticed Natasha
  3034 | D:4      | Killed Natasha
  3197 | D:4      | Found a sand-covered staircase.
  3199 | D:4      | Became a worshipper of Beogh the Brigand
  3208 | Ossuary  | Entered an ossuary
  3253 | Ossuary  | Reached skill level 6 in Axes
  3404 | Ossuary  | Reached XP level 8. HP: 57/68 MP: 8/8
  3475 | D:4      | Bought a potion of curing for 42 gold pieces
  3475 | D:4      | Bought a potion of curing for 42 gold pieces
  3684 | D:5      | Entered Level 5 of the Dungeon
  3715 | D:5      | Noticed Menkaure
  3734 | D:5      | HP: 2/103 [Menkaure (8)]
  3735 | D:5      | Killed Menkaure
  4203 | D:5      | Reached skill level 7 in Axes
  4791 | D:6      | Reached * piety under Beogh
  5030 | D:6      | Reached XP level 9. HP: 75/75 MP: 9/9
  5322 | D:6      | Reached skill level 8 in Axes
  5569 | D:6      | Found a blossoming altar of Fedhas.
  5634 | D:6      | Found a shattered altar of Ashenzari.
  6126 | D:7      | Reached skill level 9 in Axes
  6261 | D:7      | Reached ** piety under Beogh
  6361 | D:7      | Found an oddly glowing altar of Pakellas.
  6459 | D:7      | Found a snail-covered altar of Cheibriados.
  6514 | D:7      | Found Uguuca's Jewellery Shoppe.
  6527 | D:7      | Found a burning altar of Makhleb.
  6719 | D:7      | Found a staircase to the Ecumenical Temple.
  7061 | D:8      | Reached XP level 10. HP: 86/86 MP: 10/10
  7247 | D:8      | Reached skill level 5 in Dodging
  7256 | D:8      | Reached skill level 10 in Axes
  7352 | D:8      | Found a staircase to the Lair.
  7427 | D:8      | Noticed Erolcha
  7437 | D:8      | Killed Erolcha
  8032 | D:9      | Found a glowing silver altar of Zin.
  8338 | D:9      | Reached *** piety under Beogh
  8449 | D:10     | Entered Level 10 of the Dungeon
  8449 | D:10     | Noticed Urug
  9867 | D:10     | Noticed Fannar
  9882 | D:10     | Reached skill level 11 in Axes
 11069 | D:10     | Reached XP level 11. HP: 94/97 MP: 11/11
 11072 | D:10     | Identified the Guide on Dark Rituals and Calling (You found it on level 10 of the Dungeon)
 11197 | D:10     | Noticed a hill giant
 11206 | D:10     | Killed a hill giant
 11385 | D:10     | Found a staircase to the Orcish Mines.
 11816 | D:11     | Reached skill level 10 in Shields
 11878 | D:11     | Noticed a red ugly thing
 11886 | D:11     | Killed a red ugly thing
 11890 | D:11     | Gained mutation: Your mind is acute. (Int +2) [mutagenic meat]
 11992 | D:11     | Noticed a red ugly thing
 12000 | D:11     | Killed a red ugly thing
 12148 | D:11     | Noticed a manticore
 12158 | D:11     | Killed a manticore
 12596 | D:12     | Noticed a hill giant
 12606 | D:12     | Killed a hill giant
 12606 | D:12     | Reached **** piety under Beogh
 12606 | D:12     | Reached skill level 1 in Stealth
 12857 | D:12     | Gained mutation: You are weak. (Str -2) [mutagenic meat]
 12864 | D:12     | Noticed a manticore
 12876 | D:12     | Killed a manticore
 12876 | D:12     | Reached skill level 12 in Axes
 12917 | D:12     | Noticed a cyan ugly thing
 12927 | D:12     | Killed a cyan ugly thing
 12971 | D:12     | Reached skill level 10 in Fighting
 13276 | D:12     | Gained mutation: Your body sometimes deteriorates upon taking damage. [mutagenic meat]
 13303 | D:12     | Noticed a hill giant
 13312 | D:12     | Killed a hill giant
 13680 | D:12     | Noticed a five-headed hydra
 13687 | D:12     | Killed an eight-headed hydra
 13949 | D:13     | Noticed a centaur warrior
 13965 | D:13     | Killed a centaur warrior
 13965 | D:13     | Reached XP level 12. HP: 60/106 MP: 12/12
 13968 | D:13     | Gained Thorok as an ally
 14164 | D:13     | Noticed Azrael
 14173 | D:13     | Killed Azrael
 14173 | D:13     | Gained Agrik as an ally
 14421 | D:13     | Reached ***** piety under Beogh
 14460 | D:13     | Reached skill level 13 in Axes
 14646 | D:13     | Your ally Thorok died
 15434 | D:13     | You fall through a shaft for 2 floors!
 15434 | D:15     | Entered Level 15 of the Dungeon
 15437 | D:15     | Noticed a great orb of eyes
 15440 | D:15     | Noticed an ogre mage
 15443 | D:15     | Paralysed by a great orb of eyes for 6 turns
 15451 | D:14     | Found a gate to the Vaults.
 15930 | D:9      | Your ally Agrik died
 17028 | Orc:1    | Entered Level 1 of the Orcish Mines
 17712 | Orc:2    | Entered Level 2 of the Orcish Mines
 17791 | Orc:2    | Noticed an orc high priest
 17797 | Orc:2    | Noticed a sun demon
 17817 | Orc:1    | Found Ylail's Magic Scroll Boutique.
 17817 | Orc:1    | Noticed an orc warlord
 17820 | Orc:1    | HP: 5/108 [orc warrior/scimitar[an orc warlord] (8)]
 17839 | Orc:1    | Bought a scroll of teleportation for 51 gold pieces
 17839 | Orc:1    | Bought a scroll of teleportation for 51 gold pieces
 17839 | Orc:1    | Bought a scroll of enchant armour for 127 gold pieces
 17844 | Orc:1    | Killed an orc warlord
 17844 | Orc:1    | Reached skill level 1 in Invocations
 18903 | Orc:2    | Found Moba's Jewellery Boutique.
 18936 | Orc:2    | Bought the ring "Gufuhak" {rF+ Int+2 Slay+2} for 508 gold pieces
 19067 | Orc:2    | Noticed an orc high priest
 19069 | Orc:2    | Found Kitom's Antique Armour Shoppe.
 19070 | Orc:2    | Noticed an orc high priest
 19111 | Orc:1    | You fall through a shaft!
 19150 | Orc:2    | Gained mutation: You expend magic power (3 MP) to strengthen your wands. [a neqoxec]
 19152 | Orc:2    | HP: 3/110 [orc high priest/nerve-wracking pain (5)]
 19158 | Orc:2    | HP: 2/110 [hellwing[an orc high priest] (3)]
 19159 | Orc:2    | Noticed a sun demon
 19161 | Orc:2    | Killed from afar by a smoke demon

Skill      XL: |  1  2  3  4  5  6  7  8  9 10 11 12 |
---------------+-------------------------------------+-----
Axes           | 3 4 6 7 9 11 12 13 | 13.6
Fighting       | 4 5 6 7 9 10 11 | 11.0
Armour         | 4 5 6 7 8 |  8.9
Dodging        | 1 2 3 4 5 6 7 |  7.3
Shields        | 4 5 6 7 9 10 12 | 12.0
Stealth        | 1 2 |  2.0
Invocations    | 1 |  1.5

Action                   |  1- 3 |  4- 6 |  7- 9 | 10-12 || total
-------------------------+-------+-------+-------+-------++-------
Melee: War axe           |    95 |   163 |   513 |   814 ||  1585
Invok: Convert to Beogh  |       |       |     1 |       ||     1
       Smiting           |       |       |       |     6 ||     6
Evoke: Wand              |       |       |       |     1 ||     1
  Use: Potion            |       |       |     8 |    18 ||    26
       Scroll            |       |       |       |    24 ||    24
 Stab: Distracted        |       |       |     1 |     2 ||     3
  Eat: Bread ration      |       |     1 |     2 |       ||     3
       Pizza             |       |     1 |       |       ||     1
       Beef jerky        |       |     1 |       |       ||     1
       Meat ration       |       |       |     2 |     8 ||    10
       Chunk             |       |       |       |     4 ||     4
       Royal jelly       |       |       |       |     1 ||     1
Armor: Scale mail        |    36 |    59 |    88 |       ||   183
       Pearl dragon armo |       |       |   114 |   364 ||   478
       Skin              |       |       |       |     2 ||     2
Dodge: Dodged            |    30 |    57 |   173 |   316 ||   576
Block: Shield            |    42 |    88 |   308 |   537 ||   975
